2911 views
Uploaded 2019-12-01 21:08:13
Game version 1.32.0.3 / 1.32.0.3.1
21:48 long 3on3 ladder game on (8)Mur'gulOasis_LV
Saved by BEARAND
2911 views
Uploaded 2019-12-01 21:08:13
Game version 1.32.0.3 / 1.32.0.3.1
21:48 long 3on3 ladder game on (8)Mur'gulOasis_LV


69 units @ 4.8k
/ 0k
202 buildings @ 11.4k
/ 5.7k


x1)
| Staff of Sanctuary | 1 | 250 |
| Staff of Teleportation | 2 | 300 |
| Boots of Speed | 1 | 250 |
| Tome of Retraining | 1 | 300 |
| total: | 5 | 1100g |
| Peasant | 26 | 1950 | / | 0 |
| total: | 26 | 1950g | / | 0w |
| Scout Tower | 74 | 2220 | / | 1480 |
| Arcane Tower | 1 | 70 | / | 50 |
| Guard Tower | 21 | 1470 | / | 1050 |
| Altar of Kings | 1 | 180 | / | 50 |
| Lumber Mill | 1 | 120 | / | 0 |
| Farm | 8 | 640 | / | 160 |
| Town Hall | 1 | 385 | / | 205 |
| Arcane Vault | 2 | 260 | / | 60 |
| Arcane Sanctum | 5 | 750 | / | 700 |
| Keep | 1 | 320 | / | 210 |
| Castle | 1 | 360 | / | 210 |
| total: | 92 | 4555g | / | 2655w |
| 0:01 | Peasant |
| 0:06 | Altar of Kings |
| 0:08 | Peasant |
| 0:18 | Lumber Mill |
| 0:19 | Peasant |
| 0:32 | Farm |
| 0:37 | Peasant |
| 1:10 | Scout Tower |
| 1:12 | Peasant |
| 1:20 | Farm |
| 1:21 | Peasant |
| 1:37 | Arcane Tower |
| 1:39 | Peasant |
| 1:46 | Scout Tower |
| 1:47 | Scout Tower |
| 1:49 | Peasant |
| 1:53 | Scout Tower |
| 1:55 | Peasant |
| 2:22 | Black Arrow |
| 2:27 | Guard Tower |
| 2:28 | Peasant |
| 2:39 | Guard Tower |
| 2:46 | Guard Tower |
| 2:47 | Scout Tower |
| 2:48 | Scout Tower |
| 3:16 | Peasant |
| 3:16 | Peasant |
| 3:18 | Improved Masonry |
| 3:19 | Guard Tower |
| 3:21 | Scout Tower |
| 3:43 | Life Drain |
| 3:52 | Peasant |
| 3:56 | Scout Tower |
| 3:56 | Scout Tower |
| 3:57 | Scout Tower |
| 4:11 | Peasant |
| 4:11 | Peasant |
| 4:12 | Farm |
| 4:32 | Peasant |
| 5:23 | Peasant |
| 5:37 | Black Arrow |
| 5:39 | Guard Tower |
| 5:40 | Scout Tower |
| 5:40 | Scout Tower |
| 5:41 | Scout Tower |
| 5:41 | Scout Tower |
| 5:44 | Scout Tower |
| 5:44 | Scout Tower |
| 5:45 | Scout Tower |
| 6:14 | Peasant |
| 6:14 | Peasant |
| 6:30 | Peasant |
| 6:44 | Town Hall |
| 6:50 | Scout Tower |
| 6:50 | Scout Tower |
| 6:51 | Scout Tower |
| 6:51 | Scout Tower |
| 6:52 | Scout Tower |
| 6:52 | Scout Tower |
| 6:53 | Scout Tower |
| 6:53 | Scout Tower |
| 6:54 | Scout Tower |
| 6:54 | Scout Tower |
| 7:10 | Scout Tower |
| 7:11 | Scout Tower |
| 7:12 | Scout Tower |
| 7:13 | Scout Tower |
| 7:14 | Peasant |
| 7:15 | Peasant |
| 7:17 | Farm |
| 7:33 | Guard Tower |
| 7:34 | Scout Tower |
| 7:35 | Scout Tower |
| 7:36 | Scout Tower |
| 7:40 | Staff of Teleportation |
| 7:41 | Boots of Speed |
| 7:47 | Arcane Vault |
| 7:50 | Peasant |
| 7:50 | Peasant |
| 7:52 | Guard Tower |
| 8:04 | Guard Tower |
| 8:56 | Guard Tower |
| 9:26 | Guard Tower |
| 9:37 | Life Drain |
| 9:39 | Guard Tower |
| 10:02 | Scout Tower |
| 10:03 | Scout Tower |
| 10:03 | Scout Tower |
| 10:21 | Keep |
| 10:32 | Guard Tower |
| 10:34 | Peasant |
| 10:35 | Peasant |
| 10:46 | Arcane Vault |
| 11:49 | Guard Tower |
| 11:50 | Scout Tower |
| 11:50 | Scout Tower |
| 12:50 | Guard Tower |
| 12:51 | Scout Tower |
| 12:51 | Scout Tower |
| 12:52 | Scout Tower |
| 12:57 | Scout Tower |
| 12:58 | Scout Tower |
| 12:58 | Scout Tower |
| 12:59 | Scout Tower |
| 13:11 | Castle |
| 13:48 | Advanced Masonry |
| 13:48 | Improved Lumber Harvesting |
| 14:19 | Guard Tower |
| 14:21 | Scout Tower |
| 14:24 | Scout Tower |
| 14:25 | Scout Tower |
| 14:26 | Scout Tower |
| 15:32 | Guard Tower |
| 15:34 | Scout Tower |
| 15:34 | Scout Tower |
| 15:35 | Scout Tower |
| 15:35 | Scout Tower |
| 15:36 | Scout Tower |
| 15:36 | Scout Tower |
| 15:36 | Scout Tower |
| 16:00 | Scout Tower |
| 16:00 | Scout Tower |
| 16:01 | Scout Tower |
| 16:01 | Scout Tower |
| 16:13 | Tome of Retraining |
| 16:13 | Retrain Hero |
| 16:21 | Life Drain |
| 16:21 | Life Drain |
| 16:22 | Life Drain |
| 16:22 | Silence |
| 16:25 | Staff of Teleportation |
| 16:33 | Guard Tower |
| 16:34 | Scout Tower |
| 16:35 | Scout Tower |
| 16:35 | Scout Tower |
| 16:36 | Scout Tower |
| 16:37 | Scout Tower |
| 16:38 | Scout Tower |
| 16:43 | Scout Tower |
| 16:44 | Scout Tower |
| 16:45 | Guard Tower |
| 17:11 | Guard Tower |
| 17:13 | Scout Tower |
| 17:13 | Scout Tower |
| 17:17 | Arcane Sanctum |
| 17:18 | Imbued Masonry |
| 17:19 | Advanced Lumber Harvesting |
| 17:26 | Guard Tower |
| 17:27 | Scout Tower |
| 17:27 | Scout Tower |
| 17:27 | Scout Tower |
| 19:43 | Charm |
| 20:02 | Guard Tower |
| 20:05 | Arcane Sanctum |
| 20:06 | Arcane Sanctum |
| 20:07 | Arcane Sanctum |
| 20:09 | Priest Adept Training |
| 20:11 | Arcane Sanctum |
| 20:14 | Farm |
| 20:14 | Farm |
| 20:14 | Farm |
| 20:21 | Staff of Sanctuary |
| 20:26 | Farm |
| 20:56 | Rain of Fire |
| Right click | 1117 |
| Select | 548 |
| Assign group | 246 |
| Build/train/purchase | 118 |
| Select group | 85 |
| Use ability | 22 |
| Minimap ping | 6 |
| Item give/drop | 5 |
| Esc | 1 |



x1)
| Potion of Healing | 2 | 300 |
| Staff of Sanctuary | 3 | 750 |
| Staff of Teleportation | 4 | 600 |
| Boots of Speed | 4 | 1000 |
| Tome of Retraining | 1 | 300 |
| Orb of Venom | 1 | 325 |
| total: | 15 | 3275g |
| Peasant | 14 | 1050 | / | 0 |
| Priest | 1 | 135 | / | 10 |
| total: | 15 | 1185g | / | 10w |
| Scout Tower | 82 | 2460 | / | 1640 |
| Arcane Tower | 6 | 420 | / | 300 |
| Guard Tower | 36 | 2520 | / | 1800 |
| Altar of Kings | 1 | 180 | / | 50 |
| Farm | 6 | 480 | / | 120 |
| Lumber Mill | 1 | 120 | / | 0 |
| Arcane Vault | 2 | 260 | / | 60 |
| Blacksmith | 1 | 140 | / | 60 |
| Arcane Sanctum | 1 | 150 | / | 140 |
| Keep | 1 | 320 | / | 210 |
| Castle | 1 | 360 | / | 210 |
| total: | 94 | 3790g | / | 2070w |
| 0:01 | Peasant |
| 0:02 | Peasant |
| 0:06 | Altar of Kings |
| 0:11 | Peasant |
| 0:18 | Farm |
| 0:33 | Lumber Mill |
| 0:37 | Peasant |
| 0:45 | Farm |
| 0:51 | Peasant |
| 0:56 | Scout Tower |
| 1:03 | Peasant |
| 1:27 | Scout Tower |
| 1:31 | Scout Tower |
| 1:35 | Arcane Vault |
| 1:37 | Peasant |
| 1:37 | Peasant |
| 1:37 | Peasant |
| 1:45 | Arcane Tower |
| 1:49 | Scout Tower |
| 1:51 | Scout Tower |
| 1:54 | Arcane Tower |
| 1:58 | Peasant |
| 2:05 | Summon Water Elemental |
| 2:13 | Scout Tower |
| 2:16 | Scout Tower |
| 2:19 | Peasant |
| 2:20 | Guard Tower |
| 2:22 | Guard Tower |
| 2:27 | Guard Tower |
| 2:30 | Scout Tower |
| 2:40 | Scout Tower |
| 2:41 | Scout Tower |
| 2:42 | Peasant |
| 2:42 | Peasant |
| 2:45 | Scout Tower |
| 2:56 | Improved Masonry |
| 2:57 | Peasant |
| 2:58 | Guard Tower |
| 3:00 | Scout Tower |
| 3:00 | Scout Tower |
| 3:02 | Scout Tower |
| 3:07 | Guard Tower |
| 3:14 | Guard Tower |
| 3:23 | Guard Tower |
| 3:25 | Scout Tower |
| 3:26 | Scout Tower |
| 3:29 | Guard Tower |
| 3:38 | Guard Tower |
| 3:45 | Scout Tower |
| 3:45 | Scout Tower |
| 3:46 | Scout Tower |
| 3:46 | Scout Tower |
| 4:10 | Keep |
| 4:19 | Staff of Teleportation |
| 4:44 | Boots of Speed |
| 4:44 | Boots of Speed |
| 4:54 | Farm |
| 5:09 | Guard Tower |
| 5:20 | Brilliance Aura |
| 5:36 | Guard Tower |
| 5:37 | Scout Tower |
| 5:37 | Scout Tower |
| 5:44 | Guard Tower |
| 5:46 | Guard Tower |
| 5:47 | Scout Tower |
| 5:48 | Scout Tower |
| 5:49 | Scout Tower |
| 5:49 | Scout Tower |
| 5:50 | Scout Tower |
| 5:50 | Scout Tower |
| 5:51 | Scout Tower |
| 5:51 | Scout Tower |
| 5:51 | Scout Tower |
| 5:52 | Scout Tower |
| 6:08 | Guard Tower |
| 6:09 | Scout Tower |
| 6:10 | Scout Tower |
| 6:22 | Scout Tower |
| 6:22 | Scout Tower |
| 6:24 | Scout Tower |
| 6:25 | Scout Tower |
| 6:25 | Scout Tower |
| 6:26 | Scout Tower |
| 6:36 | Guard Tower |
| 7:01 | Guard Tower |
| 7:02 | Guard Tower |
| 7:13 | Guard Tower |
| 7:13 | Guard Tower |
| 8:00 | Castle |
| 8:02 | Storm Bolt |
| 8:34 | Guard Tower |
| 9:19 | Summon Water Elemental |
| 10:00 | Guard Tower |
| 10:03 | Guard Tower |
| 10:12 | Scout Tower |
| 10:19 | Arcane Sanctum |
| 10:19 | Advanced Masonry |
| 10:28 | Scout Tower |
| 10:29 | Scout Tower |
| 10:29 | Scout Tower |
| 10:30 | Scout Tower |
| 10:30 | Scout Tower |
| 10:31 | Scout Tower |
| 10:34 | Potion of Healing |
| 10:34 | Potion of Healing |
| 10:52 | Staff of Sanctuary |
| 10:54 | Guard Tower |
| 10:57 | Guard Tower |
| 10:58 | Scout Tower |
| 11:02 | Scout Tower |
| 11:05 | Scout Tower |
| 11:05 | Scout Tower |
| 11:05 | Scout Tower |
| 11:15 | Scout Tower |
| 11:16 | Scout Tower |
| 11:16 | Scout Tower |
| 11:17 | Scout Tower |
| 11:17 | Scout Tower |
| 11:18 | Scout Tower |
| 11:28 | Guard Tower |
| 11:32 | Scout Tower |
| 11:33 | Scout Tower |
| 11:33 | Scout Tower |
| 11:34 | Scout Tower |
| 11:43 | Bash |
| 11:45 | Boots of Speed |
| 11:45 | Staff of Teleportation |
| 12:04 | Staff of Teleportation |
| 12:15 | Farm |
| 12:43 | Arcane Tower |
| 12:43 | Magic Sentry |
| 12:44 | Arcane Tower |
| 12:44 | Guard Tower |
| 12:56 | Guard Tower |
| 13:26 | Guard Tower |
| 13:32 | Imbued Masonry |
| 13:56 | Holy Light |
| 13:58 | Staff of Sanctuary |
| 14:06 | Storm Bolt |
| 14:14 | Brilliance Aura |
| 15:58 | Guard Tower |
| 16:06 | Priest |
| 16:07 | Priest Adept Training |
| 16:10 | Scout Tower |
| 16:11 | Scout Tower |
| 16:12 | Scout Tower |
| 16:12 | Scout Tower |
| 16:13 | Scout Tower |
| 16:14 | Scout Tower |
| 16:15 | Scout Tower |
| 16:15 | Scout Tower |
| 16:16 | Scout Tower |
| 16:19 | Guard Tower |
| 16:20 | Scout Tower |
| 16:21 | Scout Tower |
| 16:21 | Scout Tower |
| 16:26 | Scout Tower |
| 16:27 | Scout Tower |
| 16:47 | Staff of Sanctuary |
| 17:03 | Boots of Speed |
| 17:03 | Staff of Teleportation |
| 17:08 | Arcane Tower |
| 17:09 | Arcane Tower |
| 17:12 | Guard Tower |
| 17:13 | Guard Tower |
| 17:15 | Scout Tower |
| 17:16 | Scout Tower |
| 17:19 | Scout Tower |
| 17:19 | Scout Tower |
| 17:20 | Scout Tower |
| 17:20 | Scout Tower |
| 18:39 | Guard Tower |
| 18:45 | Arcane Vault |
| 19:10 | Tome of Retraining |
| 19:10 | Retrain Hero |
| 19:12 | Blizzard |
| 19:12 | Brilliance Aura |
| 19:12 | Blizzard |
| 19:13 | Brilliance Aura |
| 19:39 | Divine Shield |
| 19:40 | Orb of Venom |
| 20:14 | Blacksmith |
| 20:16 | Farm |
| 20:16 | Farm |
| 21:46 | Bash |
| Right click | 1553 |
| Select | 534 |
| Select group | 302 |
| Build/train/purchase | 139 |
| Use ability | 66 |
| Assign group | 26 |
| Minimap ping | 23 |
| Chat | 11 |
| Misc. action | 6 |
| Item give/drop | 5 |



| Orb of Venom | 1 | 325 |
| Boots of Speed | 3 | 750 |
| Staff of Teleportation | 1 | 150 |
| Circlet of Nobility | 1 | 175 |
| Staff of Sanctuary | 1 | 250 |
| total: | 7 | 1650g |
| Wisp | 28 | 1680 | / | 0 |
| total: | 28 | 1680g | / | 0w |
| Altar of Elders | 1 | 180 | / | 50 |
| Moon Well | 10 | 1800 | / | 400 |
| Tree of Life | 2 | 680 | / | 370 |
| Hunter's Hall | 1 | 210 | / | 100 |
| Ancient of Wonders | 2 | 180 | / | 60 |
| Tree of Ages | 1 | 320 | / | 180 |
| Tree of Eternity | 1 | 330 | / | 200 |
| total: | 16 | 3050g | / | 980w |
| 0:02 | Wisp |
| 0:02 | Wisp |
| 0:05 | Altar of Elders |
| 0:17 | Moon Well |
| 0:25 | Wisp |
| 0:36 | Moon Well |
| 0:44 | Wisp |
| 0:53 | Wisp |
| 1:05 | Wisp |
| 1:11 | Wisp |
| 1:19 | Wisp |
| 1:46 | Wisp |
| 2:00 | Wisp |
| 2:00 | Wisp |
| 2:05 | Shadow Strike |
| 2:16 | Wisp |
| 2:17 | Wisp |
| 2:55 | Wisp |
| 2:56 | Wisp |
| 3:14 | Wisp |
| 3:55 | Blink |
| 4:02 | Tree of Ages |
| 4:35 | Boots of Speed |
| 5:40 | Moon Well |
| 8:02 | Entangling Roots |
| 8:18 | Shadow Strike |
| 9:29 | Tree of Life |
| 10:02 | Tree of Eternity |
| 10:06 | Hunter's Hall |
| 10:39 | Moon Well |
| 10:45 | Ancient of Wonders |
| 10:49 | Ancient of Wonders |
| 11:36 | Thorns Aura |
| 11:40 | Boots of Speed |
| 11:59 | Ultravision |
| 12:48 | Tree of Life |
| 12:58 | Blink |
| 13:02 | Well Spring |
| 14:02 | Entangling Roots |
| 14:22 | Frost Arrows |
| 15:08 | Wisp |
| 15:08 | Wisp |
| 15:08 | Wisp |
| 16:02 | Orb of Venom |
| 16:10 | Wisp |
| 16:11 | Wisp |
| 16:11 | Wisp |
| 16:11 | Wisp |
| 16:12 | Wisp |
| 16:25 | Wisp |
| 16:25 | Wisp |
| 16:25 | Wisp |
| 16:25 | Wisp |
| 16:27 | Nature's Blessing |
| 16:33 | Moon Well |
| 16:35 | Moon Well |
| 16:36 | Moon Well |
| 16:36 | Moon Well |
| 16:37 | Moon Well |
| 16:38 | Moon Well |
| 18:11 | Forked Lightning |
| 19:35 | Staff of Teleportation |
| 19:46 | Boots of Speed |
| 19:47 | Circlet of Nobility |
| 19:51 | Staff of Sanctuary |
| Right click | 1427 |
| Select | 462 |
| Select group | 349 |
| Misc. action | 156 |
| Resource trade | 126 |
| Use ability | 78 |
| Build/train/purchase | 66 |
| Item give/drop | 6 |
| Chat | 6 |
| Assign group | 4 |
| Minimap ping | 4 |
130 units @ 18.1k
/ 2.1k
72 buildings @ 8.6k
/ 3.4k

| Scroll of Healing | 1 | 250 |
| total: | 1 | 250g |
| Wisp | 17 | 1020 | / | 0 |
| Archer | 6 | 780 | / | 60 |
| Huntress | 7 | 1365 | / | 140 |
| Chimaera | 11 | 3630 | / | 770 |
| total: | 41 | 6795g | / | 970w |
| Altar of Elders | 1 | 180 | / | 50 |
| Moon Well | 9 | 1620 | / | 360 |
| Ancient of War | 2 | 300 | / | 120 |
| Hunter's Hall | 1 | 210 | / | 100 |
| Ancient of Wonders | 1 | 90 | / | 30 |
| Tree of Life | 2 | 680 | / | 370 |
| Chimaera Roost | 2 | 280 | / | 380 |
| Tree of Ages | 1 | 320 | / | 180 |
| Tree of Eternity | 1 | 330 | / | 200 |
| total: | 18 | 3360g | / | 1410w |
| 0:04 | Altar of Elders |
| 0:07 | Wisp |
| 0:07 | Wisp |
| 0:12 | Moon Well |
| 0:27 | Ancient of War |
| 0:30 | Ancient of War |
| 0:40 | Wisp |
| 1:02 | Wisp |
| 1:13 | Wisp |
| 1:32 | Archer |
| 1:32 | Archer |
| 1:32 | Archer |
| 1:35 | Archer |
| 1:54 | Moon Well |
| 2:04 | Fan of Knives |
| 2:37 | Hunter's Hall |
| 2:46 | Wisp |
| 2:46 | Wisp |
| 2:48 | Archer |
| 3:20 | Shadow Strike |
| 3:29 | Moon Well |
| 3:33 | Wisp |
| 3:33 | Wisp |
| 3:33 | Wisp |
| 3:39 | Moon Well |
| 3:51 | Strength of the Moon |
| 4:14 | Huntress |
| 4:24 | Huntress |
| 5:03 | Huntress |
| 5:50 | Blink |
| 6:01 | Huntress |
| 6:02 | Tree of Ages |
| 6:06 | Moon Armor |
| 6:09 | Huntress |
| 6:10 | Archer |
| 6:24 | Ancient of Wonders |
| 7:21 | Huntress |
| 7:40 | Scroll of Healing |
| 8:33 | Tree of Eternity |
| 8:35 | Strength of the Wild |
| 8:46 | Huntress |
| 9:05 | Shadow Strike |
| 10:25 | Improved Strength of the Wild |
| 10:55 | Chimaera Roost |
| 11:01 | Moon Well |
| 11:05 | Moon Well |
| 11:42 | Advanced Strength of the Wild |
| 11:44 | Wisp |
| 11:51 | Moon Well |
| 12:16 | Corrosive Breath |
| 12:16 | Chimaera |
| 12:16 | Chimaera |
| 12:24 | Chimaera Roost |
| 12:32 | Moon Well |
| 12:36 | Wisp |
| 12:39 | Chimaera |
| 13:06 | Chimaera |
| 13:40 | Shadow Strike |
| 14:03 | Reinforced Hides |
| 14:10 | Chimaera |
| 14:10 | Chimaera |
| 14:10 | Chimaera |
| 14:11 | Chimaera |
| 14:20 | Moon Well |
| 15:05 | Improved Reinforced Hides |
| 15:11 | Well Spring |
| 15:35 | Improved Masonry |
| 16:14 | Chimaera |
| 16:15 | Chimaera |
| 16:32 | Tree of Life |
| 17:02 | Tree of Life |
| 17:18 | Advanced Reinforced Hides |
| 19:04 | Wisp |
| 19:04 | Wisp |
| 19:04 | Wisp |
| 19:04 | Wisp |
| 19:04 | Wisp |
| 19:34 | Chimaera |
| Right click | 567 |
| Select | 341 |
| Build/train/purchase | 84 |
| Select group | 33 |
| Misc. action | 21 |
| Use ability | 18 |
| Assign group | 15 |
| Item give/drop | 3 |
| Remove unit | 1 |

| Acolyte | 7 | 525 | / | 0 |
| Ghoul | 32 | 3840 | / | 0 |
| Necromancer | 10 | 1450 | / | 200 |
| Meat Wagon | 3 | 690 | / | 150 |
| Abomination | 5 | 1200 | / | 350 |
| Peasant | 5 | 375 | / | 0 |
| Knight | 7 | 1715 | / | 420 |
| total: | 69 | 9795g | / | 1120w |
| Spirit Tower | 4 | 580 | / | 160 |
| Altar of Darkness | 1 | 180 | / | 50 |
| Ziggurat | 8 | 1200 | / | 400 |
| Crypt | 2 | 400 | / | 100 |
| Graveyard | 1 | 215 | / | 0 |
| Tomb of Relics | 1 | 130 | / | 30 |
| Temple of the Damned | 1 | 155 | / | 140 |
| Slaughterhouse | 1 | 140 | / | 135 |
| Halls of the Dead | 1 | 320 | / | 210 |
| Black Citadel | 1 | 325 | / | 230 |
| Guard Tower | 2 | 140 | / | 100 |
| Arcane Tower | 2 | 140 | / | 100 |
| Barracks | 2 | 320 | / | 120 |
| Farm | 8 | 640 | / | 160 |
| Blacksmith | 1 | 140 | / | 60 |
| Castle | 1 | 360 | / | 210 |
| total: | 26 | 3520g | / | 1195w |
| 0:10 | Acolyte |
| 0:10 | Acolyte |
| 0:14 | Altar of Darkness |
| 0:19 | Ziggurat |
| 0:38 | Crypt |
| 0:43 | Crypt |
| 0:58 | Ziggurat |
| 1:48 | Ghoul |
| 1:48 | Ghoul |
| 1:48 | Ghoul |
| 2:04 | Graveyard |
| 2:15 | Ghoul |
| 2:28 | Ghoul |
| 2:43 | Black Arrow |
| 2:50 | Ghoul |
| 2:50 | Ghoul |
| 3:13 | Ghoul |
| 3:38 | Halls of the Dead |
| 4:10 | Unholy Strength |
| 4:27 | Life Drain |
| 4:31 | Ghoul |
| 4:31 | Ghoul |
| 4:31 | Ghoul |
| 4:31 | Ghoul |
| 5:30 | Unholy Armor |
| 5:33 | Ghoul |
| 5:33 | Ghoul |
| 5:45 | Ghoul |
| 5:45 | Ghoul |
| 6:02 | Temple of the Damned |
| 6:05 | Black Arrow |
| 6:40 | Cannibalize |
| 7:04 | Ziggurat |
| 7:06 | Ziggurat |
| 7:21 | Skeletal Mastery |
| 7:25 | Spirit Tower |
| 7:30 | Improved Unholy Strength |
| 7:46 | Acolyte |
| 8:19 | Life Drain |
| 9:02 | Slaughterhouse |
| 9:04 | Necromancer |
| 9:04 | Necromancer |
| 9:09 | Ghoul |
| 9:09 | Ghoul |
| 9:09 | Ghoul |
| 9:09 | Ghoul |
| 9:09 | Ghoul |
| 9:28 | Guard Tower |
| 9:41 | Ghoul |
| 9:41 | Ghoul |
| 10:02 | Spirit Tower |
| 10:04 | Necromancer |
| 10:04 | Necromancer |
| 10:06 | Ghoul |
| 10:06 | Ghoul |
| 10:35 | Barracks |
| 10:44 | Barracks |
| 10:52 | Farm |
| 10:52 | Farm |
| 10:53 | Farm |
| 10:54 | Farm |
| 10:55 | Farm |
| 11:03 | Farm |
| 11:03 | Farm |
| 11:04 | Farm |
| 11:13 | Meat Wagon |
| 11:14 | Meat Wagon |
| 11:16 | Exhume Corpses |
| 11:18 | Necromancer |
| 11:18 | Necromancer |
| 11:24 | Ziggurat |
| 11:29 | Ziggurat |
| 11:33 | Acolyte |
| 11:37 | Acolyte |
| 11:45 | Peasant |
| 11:45 | Peasant |
| 11:46 | Peasant |
| 11:46 | Peasant |
| 11:47 | Peasant |
| 12:15 | Ghoul |
| 12:15 | Ghoul |
| 12:15 | Ghoul |
| 12:16 | Ghoul |
| 12:28 | Castle |
| 12:37 | Blacksmith |
| 13:07 | Meat Wagon |
| 13:10 | Necromancer Adept Training |
| 13:12 | Improved Unholy Armor |
| 14:13 | Black Citadel |
| 14:18 | Ghoul |
| 14:18 | Ghoul |
| 14:18 | Ghoul |
| 14:27 | Iron Forged Swords |
| 14:28 | Iron Plating |
| 14:29 | Improved Lumber Harvesting |
| 15:01 | Black Arrow |
| 15:57 | Spirit Tower |
| 16:11 | Necromancer |
| 16:11 | Necromancer |
| 16:24 | Spirit Tower |
| 16:35 | Knight |
| 16:35 | Knight |
| 16:35 | Knight |
| 16:35 | Knight |
| 16:36 | Knight |
| 16:36 | Knight |
| 16:36 | Knight |
| 16:45 | Steel Forged Swords |
| 16:48 | Arcane Tower |
| 16:51 | Guard Tower |
| 16:52 | Arcane Tower |
| 17:08 | Necromancer Master Training |
| 17:13 | Disease Cloud |
| 17:14 | Abomination |
| 17:14 | Abomination |
| 17:14 | Abomination |
| 17:14 | Abomination |
| 17:15 | Abomination |
| 17:40 | Tomb of Relics |
| 17:42 | Acolyte |
| 17:42 | Acolyte |
| 18:17 | Necromancer |
| 18:32 | Ziggurat |
| 18:33 | Ziggurat |
| 19:15 | Advanced Unholy Strength |
| 19:54 | Necromancer |
| Select | 335 |
| Right click | 245 |
| Build/train/purchase | 134 |
| Select group | 93 |
| Misc. action | 55 |
| Assign group | 14 |
| Remove unit | 5 |
| Use ability | 3 |
| Item give/drop | 1 |

| Lesser Clarity Potion | 3 | 210 |
| Mechanical Critter | 4 | 200 |
| Scroll of Regeneration | 1 | 100 |
| total: | 8 | 510g |
| Peasant | 20 | 1500 | / | 0 |
| total: | 20 | 1500g | / | 0w |
| Scout Tower | 21 | 630 | / | 420 |
| Arcane Tower | 3 | 210 | / | 150 |
| Guard Tower | 5 | 350 | / | 250 |
| Altar of Kings | 1 | 180 | / | 50 |
| Farm | 3 | 240 | / | 60 |
| Arcane Vault | 1 | 130 | / | 30 |
| Lumber Mill | 1 | 120 | / | 0 |
| Town Hall | 1 | 385 | / | 205 |
| Keep | 3 | 960 | / | 630 |
| total: | 28 | 1685g | / | 765w |
| 0:03 | Peasant |
| 0:04 | Peasant |
| 0:08 | Altar of Kings |
| 0:11 | Farm |
| 0:14 | Peasant |
| 0:41 | Peasant |
| 0:49 | Arcane Vault |
| 0:54 | Farm |
| 0:56 | Peasant |
| 1:10 | Peasant |
| 1:18 | Peasant |
| 1:24 | Scout Tower |
| 1:25 | Peasant |
| 1:31 | Lumber Mill |
| 1:52 | Peasant |
| 1:53 | Arcane Tower |
| 1:59 | Flame Strike |
| 2:02 | Lesser Clarity Potion |
| 2:02 | Lesser Clarity Potion |
| 2:03 | Mechanical Critter |
| 2:03 | Scroll of Regeneration |
| 2:08 | Peasant |
| 2:08 | Peasant |
| 2:11 | Farm |
| 2:30 | Peasant |
| 2:30 | Peasant |
| 2:34 | Scout Tower |
| 2:34 | Scout Tower |
| 2:36 | Scout Tower |
| 2:37 | Scout Tower |
| 2:38 | Scout Tower |
| 2:38 | Scout Tower |
| 3:13 | Peasant |
| 3:13 | Peasant |
| 3:13 | Peasant |
| 3:15 | Guard Tower |
| 3:19 | Scout Tower |
| 3:20 | Scout Tower |
| 3:21 | Scout Tower |
| 3:22 | Scout Tower |
| 3:29 | Peasant |
| 3:29 | Peasant |
| 3:44 | Scout Tower |
| 3:45 | Scout Tower |
| 3:46 | Scout Tower |
| 3:46 | Scout Tower |
| 4:08 | Guard Tower |
| 4:10 | Peasant |
| 4:10 | Peasant |
| 4:25 | Guard Tower |
| 4:45 | Keep |
| 5:05 | Mechanical Critter |
| 5:06 | Mechanical Critter |
| 5:06 | Mechanical Critter |
| 5:06 | Lesser Clarity Potion |
| 7:05 | Scout Tower |
| 7:14 | Town Hall |
| 7:19 | Arcane Tower |
| 7:20 | Scout Tower |
| 7:25 | Scout Tower |
| 7:25 | Scout Tower |
| 7:25 | Scout Tower |
| 7:31 | Guard Tower |
| 7:38 | Scout Tower |
| 8:20 | Keep |
| Right click | 339 |
| Select group | 141 |
| Build/train/purchase | 70 |
| Select | 70 |
| Assign group | 14 |
| Use ability | 8 |
| Misc. action | 6 |
| Esc | 2 |
| Item give/drop | 1 |
| Minimap ping | 1 |